AoeStats
← Twityss

Arena

504213066Analyzed
2v2 RM · 27d ago on Sep 4, 2026· 47m 27s· 4 players
Game mode
Random Map
Map size
Medium (4 player)
Population
200
Speed
Normal
Resources
Standard
Victory
Conquest
Starting age
Dark Age
Ending age
Imperial Age
RankedLock teamsTeams togetherTeam positionsShared explorationLock speedFull tech treeHidden civsTurbo modeCheats
Victory
Defeat
🇪🇸 Khmer · Spain
670
+12
🇨🇳 Goths · China
628
+13
🇨🇳 Maya · China
583
-13
🇨🇳 Maya · China
558
-12
ksksdhsf
10:10 Feudal Age
10:56 Double-Bit Axe
10:53 Horse Collar
12:17 Loom
17:46 Man-at-Arms
19:54 Wheelbarrow
23:44 Castle Age
22:43 Forging
22:36 Stone Mining
22:38 Gold Mining
23:54 Scale Mail Armor
24:33 Squires
24:40 Heavy Plow
24:51 Bow Saw
26:42 Stone Shaft Mining
26:30 Chain Mail Armor
29:22 Iron Casting
31:25 Ballistics
31:01 Murder Holes
32:35 Anarchy
36:43 Imperial Age
37:50 Elite Huskarl
39:45 Conscription
39:52 Perfusion
41:14 Blast Furnace
albertocastalla
13:33 Feudal Age
14:49 Horse Collar
14:58 Double-Bit Axe
Twityss
11:54 Feudal Age
12:07 Loom
13:05 Double-Bit Axe
15:40 Castle Age
16:09 Wheelbarrow
18:30 Bow Saw
25:51 Crossbowman
26:41 Fletching
27:00 Padded Archer Armor
28:26 Horse Collar
29:32 Hand Cart
29:39 Stone Mining
29:58 Town Watch
30:58 Bodkin Arrow
32:53 Ballistics
32:54 Thumb Ring
34:20 Stone Shaft Mining
33:37 Gold Mining
34:39 Town Patrol
38:28 Imperial Age
37:43 Herbal Medicine
38:08 Leather Archer Armor
38:10 Heavy Plow
40:04 Bracer
39:26 Arbalester
41:08 Conscription
41:12 Onager
42:06 Eagle Warrior
43:55 Treadmill Crane
45:02 Elite Eagle Warrior
45:43 Squires
46:20 Arson
46:40 Caravan
46:15 Elite Skirmisher
48:59 Chemistry
比奇堡莽夫
11:43 Feudal Age
12:49 Loom
15:30 Castle Age
13:29 Horse Collar
14:19 Double-Bit Axe
16:30 Bow Saw
16:43 Heavy Plow
21:43 Wheelbarrow
22:42 Gold Mining
22:47 Stone Mining
26:48 Stone Shaft Mining
27:26 Fletching
27:37 Padded Archer Armor
29:07 Bodkin Arrow
29:27 Leather Archer Armor
30:18 Hand Cart
31:44 Thumb Ring
32:19 Pikeman
32:59 Squires
35:37 Forging
35:28 Scale Mail Armor
36:22 Gold Mining
38:01 Ballistics
37:22 Treadmill Crane
42:00 Imperial Age
39:29 Town Watch
40:22 Iron Casting
40:03 Chain Mail Armor
40:54 Town Patrol
41:08 Fortified Wall
43:33 Halberdier
44:49 Crop Rotation
45:20 Two-Man Saw
45:28 Chemistry
45:50 Chemistry
47:22 Coinage
Connection lost

Rejoining the realm…

Still unreachable

The connection could not be restored.

Session expired

The server has moved on; the page needs a fresh start.